 Dungeon Crawl Stone Soup version 0.16.1-11-g651b585 (webtiles) character file.

669 Chiseanne the Skirmisher (level 7, -1/56 HPs)
             Began as a Demonspawn Monk on Mar 30, 2015.
             Was an Initiate of Gozag.
             Killed by nerve-wracking pain
             ... invoked by an orc priest
              (8 damage)
             ... on level 8 of the Dungeon.
             The game lasted 00:26:22 (6576 turns).

Chiseanne the Skirmisher (Demonspawn Monk)          Turns: 6576, Time: 00:26:22

Health: -1/56      AC: 10    Str: 12    XL:     7   Next: 32%
Magic:  7/7        EV:  8    Int: 16    God:    Gozag
Gold:   484        SH: 12    Dex: 20    Spells: 0 memorised, 6 levels left

rFire  . . .     SeeInvis .     s - +2 whip (venom)
rCold  . . .     Clarity  .     c - +0 scale mail
rNeg   . . .     SustAb   .     g - +3 shield
rPois  .         Gourm    .     u - +2 helmet
rElec  .         Spirit   .     (no cloak)
rCorr  .         Warding  .     (no gloves)
rMut   .         Stasis   .     (no boots)
MR     .....                    (no amulet)
Stlth  ++........               (no ring)
                                v - +4 ring of intelligence

@: not resistant to hostile enchantments, unstealthy
A: thin skeletal structure 2, demonic guardian 1
a: Potion Petition, Call Merchant, Bribe Branch, Renounce Religion


You were on level 8 of the Dungeon.
You worshipped Gozag.
Gozag was noncommittal.
You were very hungry.

You visited 1 branch of the dungeon, and saw 8 of its levels.

You collected 484 gold pieces.

Inventory:

Hand weapons
 a - a +2 dagger of speed
 i - a +0 long sword
 s - a +2 whip of venom (weapon)
Missiles
 e - 30 bolts
 m - 9 tomahawks (quivered)
 p - 4 needles of slowing
 A - 3 curare-tipped needles
 B - 28 arrows
 E - 32 poisoned needles
Armour
 c - a +0 scale mail (worn)
 g - a +3 shield (worn)
 u - a +2 helmet (worn)
Jewellery
 l - an uncursed ring of fire
 v - a +4 ring of intelligence (left hand)
 w - an uncursed ring of teleportation
Scrolls
 d - a scroll of teleportation
 h - 3 scrolls of amnesia
 r - 2 scrolls of remove curse
 x - 2 scrolls of fog
 y - a scroll of identify
Potions
 j - a potion of flight
 k - 3 potions of restore abilities
 n - 3 potions of heal wounds
 o - a potion of brilliance
 q - 2 potions of curing
 z - a potion of agility {unknown}
 C - a potion of cancellation {unknown}
 D - a potion of lignification {unknown}
Books
 t - a book of Frost

   Spells                             Type                      Level
   a - Freeze                         Ice                          1
   b - Throw Frost                    Conjuration/Ice              2
   c - Ozocubu's Armour               Charms/Ice                   3
   d - Throw Icicle                   Conjuration/Ice              4
   e - Summon Ice Beast               Ice/Summoning                4
   f - Condensation Shield            Ice                          4
Comestibles
 b - 3 bread rations
 f - 3 meat rations


   Skills:
 * Level 5.0 Fighting
 * Level 3.5 Armour
 - Level 3.2 Dodging
 - Level 1.7 Stealth
 * Level 4.4 Shields
 - Level 3.6 Unarmed Combat


You had 6 spell levels left.
You didn't know any spells.

Dungeon Overview and Level Annotations

Branches:
Dungeon (8/15)
 Temple: D:4-7         Lair: D:8-11

Altars:
Ashenzari
Dithmenos
Elyvilon
Gozag
Makhleb
Nemelex Xobeh
Qazlal
Trog
Vehumet
Zin

Shops:
D:4 *

Annotations:
D:6 Chiseanne's ghost, experienced DsWn


Innate Abilities, Weirdness & Mutations

You have a moderately thin skeletal structure (Dex +4, Stealth+).
A weak demonic guardian rushes to your aid.


Message History

a mace; a whip; a leather armour
Found 6 gold pieces.
You see here a beef jerky.
You closely miss the orc priest. You block the orc priest's attack.
Your shield and scale mail prevent you from hitting the orc priest.
The orc priest calls down the wrath of Beogh upon you.
Something smites you!
The orc priest becomes somewhat translucent.
You closely miss the orc priest.
The orc priest hits you but does no damage.
You barely miss the orc priest.
The orc priest invokes the aid of Beogh against you.
Something smites you!
* * * LOW HITPOINT WARNING * * *
You hit the orc priest.
The orc priest is poisoned.
The orc priest is moderately wounded.
The orc priest mumbles some strange prayers to Beogh against you.
Pain shoots through your body!
You die...
Your body crumbles into a pile of gold.

### ..# #.# #.#
########.######
...............#
.......o@.#
.####.#$#)# #
#.#.# #.#.#.#
#.#.#># #.....#
#.#...#.##
#.....(..#
###.).#..#


You could see an orc priest.

Vanquished Creatures
  An ice beast (D:5)
  A hound (D:5)
  A crimson imp (D:5)
  A giant frog zombie (D:3)
  An orc priest (D:5)
  An iguana (D:8)
  2 orc wizards
  A giant frog skeleton (D:8)
  Terence (D:2)
  A worker ant zombie (D:6)
  7 adders
  2 giant mites
  A shadow imp (D:5)
  3 worms (D:3)
  4 giant geckos
  10 orcs
  3 ball pythons
  A bat skeleton (D:4)
  3 giant cockroaches
  9 goblins
  10 hobgoblins
  6 jackals
  4 quokkas
  7 bats
  11 giant newts
  15 kobolds
  A quokka zombie (D:6)
  8 rats
116 creatures vanquished.

Vanquished Creatures (collateral kills)
  An ogre (D:6)
  A scorpion (D:5)
  A crimson imp (D:6)
  A centaur skeleton (D:4)
  An orc wizard (D:3)
  A worker ant (D:6)
  2 orcs (D:3)
8 creatures vanquished.

Vanquished Creatures (others)
  A crimson imp (D:5)
  3 quasits
  3 iron imps
  4 ufetubi
  2 white imps
13 creatures vanquished.

Grand Total: 137 creatures vanquished

Notes
Turn   | Place    | Note
--------------------------------------------------------------
     0 | D:1      | Chiseanne, the Demonspawn Monk, began the quest for the Orb.
     0 | D:1      | Reached XP level 1. HP: 18/18 MP: 1/1
   272 | D:1      | Gained mutation: A weak demonic guardian rushes to your aid. [demonic ancestry]
   272 | D:1      | Reached XP level 2. HP: 21/24 MP: 2/2
   970 | D:2      | Reached XP level 3. HP: 10/29 MP: 3/3
  1365 | D:2      | Reached skill level 1 in Shields
  1779 | D:2      | Noticed Terence
  1804 | D:2      | Killed Terence
  1804 | D:2      | Reached XP level 4. HP: 11/37 MP: 4/4
  2257 | D:3      | Reached skill level 1 in Armour
  2286 | D:3      | Reached skill level 4 in Fighting
  2468 | D:3      | Reached XP level 5. HP: 40/42 MP: 5/5
  3486 | D:4      | Found a stormy altar of Qazlal.
  3648 | D:4      | Found Gozag's Platinum Reserve.
  3649 | D:4      | Found an opulent altar of Gozag.
  3710 | D:4      | Became a worshipper of Gozag Ym Sagoz the Greedy
  3765 | D:4      | Found a burning altar of Makhleb.
  3767 | D:4      | Noticed a green death
  3768 | D:4      | Found a glowing silver altar of Zin.
  3769 | D:4      | Noticed an angel
  3872 | D:4      | Gained mutation: You have a somewhat thin skeletal structure (Dex +2, Stealth). [demonic ancestry]
  3872 | D:4      | Reached XP level 6. HP: 44/49 MP: 6/6
  4009 | D:5      | Entered Level 5 of the Dungeon
  4238 | D:5      | Found a sparkling altar of Nemelex Xobeh.
  4251 | D:5      | Found a white marble altar of Elyvilon.
  4252 | D:5      | Found a radiant altar of Vehumet.
  4253 | D:5      | Found a bloodstained altar of Trog.
  4269 | D:5      | Found a shattered altar of Ashenzari.
  4942 | D:5      | Found a shadowy altar of Dithmenos.
  5463 | D:6      | Gained mutation: You have a moderately thin skeletal structure (Dex +4, Stealth+). [demonic ancestry]
  5463 | D:6      | Reached XP level 7. HP: 52/55 MP: 7/7
  5828 | D:6      | Noticed Chiseanne's ghost (experienced DsWn)
  6284 | D:7      | Noticed a gargoyle
  6558 | D:8      | Reached skill level 5 in Fighting
  6576 | D:8      | Killed from afar by an orc priest

Action                   |  1- 3 |  4- 6 |  7- 9 || total
-------------------------+-------+-------+-------++-------
Melee: Unarmed           |   133 |    84 |       ||   217
       Dagger            |       |   424 |    85 ||   509
       Whip              |       |       |    26 ||    26
Evoke: Wand              |       |       |     5 ||     5
  Use: Scroll            |     8 |     6 |     1 ||    15
       Potion            |     1 |     1 |       ||     2
 Stab: Sleeping          |       |       |     1 ||     1
  Eat: Chunk             |     2 |     8 |       ||    10
       Bread ration      |       |     1 |       ||     1
       Beef jerky        |       |     1 |       ||     1
       Royal jelly       |       |       |     1 ||     1
